 Seeded DCSS version 0.30-a0-242-g7bf8e6d787 (webtiles) character file.

Game seed: 20221011 (custom seed)

140 Nerdsrcool the Shooter (level 5, 28/30 HPs)
             Began as a Deep Elf Hunter on Oct 11, 2022.
             Quit the game on level 4 of the Dungeon.
             The game lasted 00:10:43 (2553 turns).

Nerdsrcool the Shooter (Deep Elf Hunter)            Turns: 2553, Time: 00:10:44

Health: 28/30      AC:  5    Str: 12    XL:     5   Next: 2%
Magic:  7/7        EV: 11    Int: 17    God:
Gold:   233        SH:  0    Dex: 20    Spells: 4/4 levels left

rFire   . . .      SeeInvis +    e - +9 hand crossbow of Glory {penet, rC+ Str+4 Int+3 SInv}
rCold   + . .      Faith    .    (no shield)
rNeg    . . .      Spirit   .    g - +0 ring mail
rPois   .          Reflect  .    (no helmet)
rElec   .          Harm     .    (no cloak)
rCorr   .          Rampage  .    (no gloves)
Will    .....                    (no boots)
Stlth   +.........               (no amulet)
HPRegen 0.25/turn                (no ring)
MPRegen 0.10/turn                (no ring)

@: no status effects
A: no striking features
a: no special abilities


You were on level 4 of the Dungeon.
You visited 1 branch of the dungeon, and saw 4 of its levels.

You collected 233 gold pieces.

Inventory:

Hand Weapons
 a - a +0 shortbow
 d - a +0 short sword
 e - the +9 hand crossbow of Glory (weapon) {penet, rC+ Str+4 Int+3 SInv}
   (You acquired it on level 3 of the Dungeon)

   Any ammunition fired by it passes through the targets it hits, potentially
   hitting all targets in its path until it reaches maximum range.
   Str:       It affects your strength (+4).
   Int:       It affects your intelligence (+3).
   rC:        It protects you from cold.
   SInv:      It lets you see invisible.
 l - a +3 quarterstaff of chaos
 o - a +0 hammer of distortion
Missiles
 h - 4 javelins
 n - 2 boomerangs
 q - 2 poisoned darts
Armour
 c - a +0 leather armour
 g - a +0 ring mail (worn)
Jewellery
 u - an amulet of faith
Wands
 f - a wand of flame (19)
Scrolls
 b - 2 scrolls of immolation
 m - a scroll of fear
 s - a scroll of amnesia {unknown}
 t - a scroll of poison {unknown}
Potions
 i - a potion of mutation {unknown}
 j - a potion of curing
 k - a potion of invisibility
 p - 2 potions of heal wounds
 r - 3 potions of lignification {unknown}


   Skills:
 + Level 2.0 Fighting
 + Level 7.7 Ranged Weapons
 + Level 1.2 Armour
 + Level 2.5 Dodging
 + Level 1.3 Stealth


You had 4 spell levels left.
You didn't know any spells.
Your spell library was empty.

Dungeon Overview and Level Annotations

Branches:
Dungeon (4/15)
 Temple: D:4-7

Altars:
Fedhas

Shops:
D:3 :


Message History

a +0 dagger; 3 stones Done exploring.
No target in view!
Done exploring.
Done exploring.
There is a stone staircase leading down here.
You climb downwards.
There is a stone staircase leading up here.
Done exploring.
There is a stone staircase leading down here.
You climb downwards.
There is a stone staircase leading up here.
Found a chain mail.
No target in view!
You see here a +0 chain mail.
Found a chain mail.
No target in view!
You see here a +0 chain mail.
You open the door.
Found 6 datura-tipped darts.
A kobold, a dart slug and a hobgoblin come into view.
There is an open door here.
You shoot a bolt. The bolt closely misses the kobold.
The bolt pierces through the hobgoblin!
You kill the hobgoblin!
You shoot a bolt.
The bolt pierces through the kobold but does no damage.
The dart slug launches a dart at you.
The slug dart hits you but does no damage.
Welcome back, Nerdsrcool the Deep Elf Hunter.
Game seed: 20221011 (custom seed) Press ? for a list of commands and other information.
The kobold hits you but does no damage.
Number of times to repeat, then command key: You must enter the number of times for the command to repeat.
Are you sure you want to abandon this character and quit the game? (Confirm with "yes".)
Okay, then.
Unknown command.
The kobold hits you with a +0 dagger.
Are you sure you want to abandon this character and quit the game? (Confirm with "yes".)

##################
#...[.............
##.################
#.........
##........ #
#.####### ... #[#
#####
.....##'#......
......K@..#
..†............
....w.....#####
..........#
..........#
.(........#
.....##.#.. .....
#.####


You could see a dart slug and a kobold.

Vanquished Creatures
  Crazy Yiuf (D:3)
  4 adders (D:2)
  A worm (D:3)
  2 dart slugs (D:1)
  3 orcs (D:3)
  7 ball pythons
  5 endoplasms
  3 giant cockroaches
  5 goblins
  8 hobgoblins
  2 jackals (D:3)
  A quokka (D:1)
  10 bats
  5 frilled lizards
  6 kobolds
  A rat (D:1)
64 creatures vanquished.

Vanquished Creatures (others)
  5 fungi (D:3)
5 creatures vanquished.

Grand Total: 69 creatures vanquished

Notes
Turn   | Place    | Note
-------+----------+-------------------------------------------
     0 | D:1      | Nerdsrcool the Deep Elf Hunter began the quest for the Orb.
     0 | D:1      | Reached XP level 1. HP: 12/12 MP: 3/3
   221 | D:1      | Reached XP level 2. HP: 16/16 MP: 4/4
   259 | D:1      | Reached skill level 6 in Ranged Weapons
   494 | D:1      | Reached XP level 3. HP: 21/21 MP: 5/5
   912 | D:2      | Reached skill level 7 in Ranged Weapons
   970 | D:2      | You fall into a shaft and drop 1 floor!
  1079 | D:3      | Reached XP level 4. HP: 21/26 MP: 6/6
  1136 | D:3      | Found a blossoming altar of Fedhas.
  1172 | D:3      | Found Taipeda's Book Boutique.
  1673 | D:3      | Identified a scroll of acquirement
  1676 | D:3      | Acquired the +9 hand crossbow of Glory {penet, rC+ Str+4
                  | Int+3 SInv}
  1688 | D:3      | Found a runed translucent door.
  1689 | D:3      | Noticed Crazy Yiuf
  1813 | D:3      | Killed Crazy Yiuf
  2274 | D:2      | Reached skill level 1 in Armour
  2399 | D:2      | Reached XP level 5. HP: 30/30 MP: 7/7
  2553 | D:4      | Quit the game

Illustrated notes

Levels and vault maps discovered:
D:1:      psy_arrival_fountain, layout_basic
D:2:      layout_loops_ring, dreamdust_wishing_well
D:3:      layout_loops_ring, nicolae_overflow_hidden_temple, serial_shops, shop,
          uniq_crazy_yiuf_cottage
D:4:      layout_basic, ebering_ghost_reflecting_pool, minmay_starry_boxes,
          uniq_natasha, uniq_edmund

Skill      XL: |  1  2  3  4 |
---------------+-------------+-----
Ranged Weapons | 6 7 |  7.7
Fighting       | 2 |  2.0
Armour         | 1 |  1.2
Dodging        | |  2.5
Stealth        | |  1.3

Action                   |  1- 3 |  4- 6 || total
-------------------------+-------+-------++-------
 Fire: Shortbow          |   108 |    32 ||   140
       Hand crossbow     |       |    24 ||    24
  Use: Scroll            |       |     6 ||     6
       Potion            |       |     4 ||     4
Armor: Leather armour    |     3 |       ||     3
       Ring mail         |     8 |     5 ||    13
Dodge: Dodged            |    23 |     8 ||    31

Table legend: (Time is in decaauts)
 A = Elapsed time spent in this place.
 B = Non-inter-level travel time spent in this place.
 C = Inter-level travel time spent in this place.
 D = Time resting spent in this place.
 E = Time spent auto-exploring this place.
 F = Levels seen in this place.
 G = Mean time per level.
                   A        B        C        D        E       F      G
               +--------+--------+--------+--------+--------+-----+--------+
         Total |   2617 |   2356 |    261 |     37 |   1859 |   4 |  654.2 |
       Dungeon |   2617 |   2356 |    261 |     37 |   1859 |   4 |  654.2 |
               +--------+--------+--------+--------+--------+-----+--------+

Top non-repeatable levels by time:
     D:3: 1124 daAuts
     D:1: 800 daAuts
     D:2: 657 daAuts
     D:4: 35 daAuts
